 Dungeon Crawl Stone Soup version 0.21.1-1-g345015f (webtiles) character file.

2929 Mgcat the Grappler (level 9, 0/75 HPs)
             Began as a Troll Transmuter on Mar 11, 2018.
             Was a Believer of Makhleb.
             Slain by a two-headed ogre
             ... wielding a +0 great mace
              (14 damage)
             ... on level 8 of the Dungeon.
             The game lasted 00:21:53 (6827 turns).

Mgcat the Grappler (Troll Transmuter)               Turns: 6827, Time: 00:21:54

Health: 0/75       AC:  2    Str: 22    XL:     9   Next: 50%
Magic:  11/13      EV: 19    Int: 10    God:    Makhleb [**....]
Gold:   145        SH:  0    Dex: 15    Spells: 5/15 levels left

rFire    . . .     SeeInvis .     - Unarmed
rCold    . . .     Gourm    +   (shield currently unavailable)
rNeg     . . .     Faith    .   (armour currently unavailable)
rPois    .         Spirit   .   (helmet currently unavailable)
rElec    .         Reflect  .   (cloak currently unavailable)
rCorr    .         Harm     .   (gloves unavailable)
MR       .....                  (boots unavailable)
Stlth    +.........             f - amulet of regeneration {+regen, !d}
HPRegen  1.02/turn              n - ring of poison resistance {rPois, !d}
MPRegen  0.13/turn              F - ring of wizardry {Wiz+, !d}

@: spider-form
A: tiny, unfitting armour, fast metabolism 3, gourmand, regeneration 1
a: End Transformation, Minor Destruction, Renounce Religion


You were on level 8 of the Dungeon.
You worshipped Makhleb.
Makhleb was pleased with you.
You were not hungry.
You were a venomous arachnid creature.
You visited 1 branch of the dungeon, and saw 8 of its levels.

You collected 437 gold pieces.
You spent 292 gold pieces at shops.

Inventory:

Hand Weapons
 J - the +8 hand axe of Integrity {freeze, MP+9}
   (You found it on level 7 of the Dungeon)

   It has been specially enchanted to freeze those struck by it, causing extra
   injury to most foes and up to half again as much damage against particularly
   susceptible opponents.
   It can also slow down cold-blooded creatures.
   It affects your magic capacity (+9).
Missiles
 a - 106 arrows
 D - 3 tomahawks of returning (quivered)
Armour
 y - a scarf of cloud immunity (melded)
   (You bought it in a shop on level 4 of the Dungeon)
 G - a +1 robe of magic resistance (melded)
   (You bought it in a shop on level 4 of the Dungeon)
Jewellery
 f - an amulet of regeneration (around neck) {+regen, !d}
   (You found it on level 2 of the Dungeon)
 n - a ring of poison resistance (left front leg) {rPois, !d}
   (You found it on level 2 of the Dungeon)
 F - a ring of wizardry (right front leg) {Wiz+, !d}
   (You found it on level 6 of the Dungeon)
Wands
 m - a wand of iceblast (8)
   (You found it on level 2 of the Dungeon)
 o - a wand of flame (21)
   (You took it off Natasha on level 2 of the Dungeon)
 B - a wand of polymorph (14)
   (You found it on level 5 of the Dungeon)
Scrolls
 b - a scroll of magic mapping {!r}
 e - 6 scrolls of remove curse
 i - 7 scrolls of teleportation
 q - a scroll of fog
 w - 4 scrolls of fear
 x - a scroll of amnesia
Potions
 g - 2 potions of flight
 h - 2 potions of resistance {unknown}
 j - 4 potions of lignification {unknown}
 p - 2 potions of berserk rage {unknown}
 r - a potion of agility {unknown}
 u - a potion of curing {unknown}
 v - 5 potions of heal wounds
 z - a potion of degeneration {unknown}
 A - a potion of haste {unknown}
 C - a potion of might
 I - a potion of cancellation {unknown}
Books
 c - a book of Changes
 s - a book of Misfortune
   (You found it on level 5 of the Dungeon)
 H - a book of Conjurations
   (You found it on level 6 of the Dungeon)
Comestibles
 d - 20 rations


   Skills:
 - Level 0.7 Fighting
 - Level 1.5 Dodging
 - Level 8.1 Unarmed Combat
 + Level 3.7 Spellcasting
 + Level 5.1 Transmutations
 + Level 2.7 Ice Magic
 - Level 4.0 Poison Magic


You had 5 spell levels left.
You knew the following spells:

 Your Spells              Type           Power        Failure   Level  Hunger
a - Beastly Appendage     Tmut           ##....       4%          1    #......
b - Sticks to Snakes      Tmut           ##......     6%          2    ###....
c - Spider Form           Tmut/Pois      ##........   12%         3    ###....
d - Ice Form              Ice/Tmut       #.......     34%         4    #####..


Dungeon Overview and Level Annotations

Branches:
Dungeon (8/15)             Temple (0/1) D:6
   Lair: D:8-11

Altars:
Ashenzari
Cheibriados
Elyvilon
Gozag
Makhleb
Qazlal
Vehumet
Yredelemnul
Zin

Shops:
D:4 [}

Annotations:
D:2 1 runed door


Innate Abilities, Weirdness & Mutations

You are too large for most types of armour.
((You have claws for hands.))
Your metabolism is lightning-fast.
You like to eat raw meat.
Your natural rate of healing is unusually fast.
((You are covered in fur. (AC +1)))
((You have very tough skin. (AC +2)))


Message History

You closely miss the orc. The orc hits you with a trident!
You claw the orc!
You kill the orc!
Makhleb accepts your kill.
You feel better.
No target in view!
No target in view!
You now have 130 gold pieces (gained 13).
Things that are here:
a trident; a leather armour; an orc corpse You butcher the orc corpse.
b - a chunk of flesh {@w0}
Things that are here:
a trident; a leather armour
Things that are here:
a trident; a leather armour Eating a chunk of flesh {@w0}.
You eat the chunk of flesh {@w0}.
This raw flesh tastes great.
HP restored.
You now have 145 gold pieces (gained 15).
You open the door.
There is an open door here.
A giant cockroach comes into view.
Your transformation is almost over.
The giant cockroach barely misses you. x2
You closely miss the giant cockroach.
The giant cockroach bites you but does no damage.
You claw the giant cockroach!
You kill the giant cockroach!
Makhleb accepts your kill.
No target in view!
No target in view!
No target in view!
You butcher the giant cockroach corpse.
b - a chunk of flesh {@w0} Eating a chunk of flesh {@w0}.
You eat the chunk of flesh {@w0}.
This raw flesh tastes great.
Your horns disappear.
An ogre comes into view. It is wielding a giant club.
The ogre shouts!
You barely miss the ogre. The ogre hits you with a giant club.
You claw the ogre!
The ogre is moderately wounded.
You scratch the ogre.
The ogre is heavily wounded.
The ogre closely misses you.
You barely miss the ogre.
The ogre is heavily wounded.
The ogre closely misses you.
You closely miss the ogre.
The ogre is heavily wounded.
You claw the ogre!
The ogre is almost dead.
The ogre closely misses you.
You claw the ogre!
You kill the ogre!
Makhleb accepts your kill.
No target in view!
No target in view!
b - a scroll of magic mapping {!r} You open the door.
There is an open door here.
The two-headed ogre shouts in stereo!
There is an open door here.
Casting: Beastly Appendage
Confirm with . or Enter, or press ? or * to list all spells.
You turn into a venomous arachnid creature.
Your scarf of cloud immunity melds into your body.
Your +1 robe of magic resistance melds into your body.
You feel vulnerable to the effects of clouds.
You feel less resistant to hostile enchantments.
You bite the two-headed ogre!
The two-headed ogre is poisoned.
The two-headed ogre is moderately wounded.
The two-headed ogre hits you with a great mace.
The two-headed ogre hits you with a giant spiked club!
You hit the two-headed ogre.
The two-headed ogre looks as sick as possible!
The two-headed ogre is moderately wounded.
The two-headed ogre barely misses you. The two-headed ogre closely misses you.
You hit the two-headed ogre.
The two-headed ogre is moderately wounded.
You hit the two-headed ogre.
The two-headed ogre looks as sick as possible!
The two-headed ogre is heavily wounded.
The two-headed ogre hits you with a great mace!
The two-headed ogre barely misses you.
You hit the two-headed ogre.
The two-headed ogre looks as sick as possible!
The two-headed ogre is heavily wounded.
The two-headed ogre misses you.
The two-headed ogre hits you with a giant spiked club!
You hit the two-headed ogre but do no damage.
The two-headed ogre looks as sick as possible!
The two-headed ogre is heavily wounded.
You barely miss the two-headed ogre.
The two-headed ogre is severely wounded.
The two-headed ogre hits you with a great mace!!
* * * LOW HITPOINT WARNING * * *
The two-headed ogre hits you with a giant spiked club!
You die...

.............#......#
.............#......#
.............#......#
.##.##.##...#...)...
##.##.##...#....)..
#..).......'......#
#..........#......#
#..........#......#
##s#####...#......#
######O# #####.....##
#......# #.....#
#......# #.....#
##......# #.....#
#.......# #.....#
##...##+# #......
##...# #.......
#....# #.......


You could see a two-headed ogre.

Vanquished Creatures
  Grinder (D:4)
  A wraith (D:4)
  3 orc warriors
  An ice beast (D:7)
  A sky beast (D:3)
  A phantom (D:7)
  2 ogres
  2 centaurs
  The ghost of TheNamelessOne the Firebug, an amateur DrFE (D:3)
  A big kobold (D:7)
  A wyvern zombie (D:7)
  A bullfrog (D:6)
  2 scorpions
  2 killer bees
  2 crimson imps (D:7)
  6 hounds
  4 orc priests
  2 iguanas
  Natasha (thrice) (D:2)
  6 orc wizards
  9 worker ants
  A killer bee zombie (D:5)
  A hound skeleton (D:8)
  Robin (D:4)
  10 adders
  3 gnolls (D:6)
  A shadow imp (D:5)
  An ooze (D:3)
  3 adder skeletons
  An adder zombie (D:4)
  5 worms
  A dart slug (D:2)
  5 leopard geckos
  29 orcs
  12 bats
  8 giant cockroaches
  15 goblins
  7 hobgoblins
  8 jackals
  7 quokkas
  6 ball pythons
  5 frilled lizards
  14 kobolds
  2 quokka skeletons (D:6)
  7 rats
205 creatures vanquished.

Notes
Turn   | Place    | Note
-------+----------+-------------------------------------------
     0 | D:1      | Mgcat the Troll Transmuter began the quest for the Orb.
     0 | D:1      | Reached XP level 1. HP: 18/18 MP: 1/1
   145 | D:1      | Reached XP level 2. HP: 23/26 MP: 2/2
   157 | D:1      | Learned a level 2 spell: Sticks to Snakes
   305 | D:1      | Reached skill level 4 in Unarmed Combat
   387 | D:1      | Reached XP level 3. HP: 30/32 MP: 3/3
   851 | D:2      | Found a radiant altar of Vehumet.
   851 | D:2      | Found a snail-covered altar of Cheibriados.
   880 | D:2      | Noticed Natasha
   886 | D:2      | Killed Natasha
  1005 | D:2      | Reached XP level 4. HP: 35/40 MP: 4/4
  1042 | D:2      | Found a runed door.
  1270 | D:2      | Reached skill level 5 in Unarmed Combat
  1302 | D:2      | Noticed Natasha
  1308 | D:2      | Killed Natasha
  1330 | D:2      | Noticed Natasha
  1337 | D:2      | Killed Natasha
  1720 | D:3      | Noticed TheNamelessOne's ghost (amateur DrFE)
  1729 | D:3      | Killed TheNamelessOne's ghost
  1729 | D:3      | Reached skill level 6 in Unarmed Combat
  1729 | D:3      | Reached XP level 5. HP: 35/46 MP: 3/5
  2048 | D:3      | Found a burning altar of Makhleb.
  2052 | D:3      | Reached XP level 6. HP: 51/54 MP: 6/6
  2092 | D:3      | Found a basalt altar of Yredelemnul.
  2184 | D:3      | Noticed a sky beast
  2196 | D:3      | Killed a sky beast
  2196 | D:3      | Reached skill level 7 in Unarmed Combat
  2656 | D:4      | Reached skill level 8 in Unarmed Combat
  2656 | D:4      | Reached XP level 7. HP: 56/61 MP: 7/7
  2661 | D:4      | Learned a level 3 spell: Spider Form
  2796 | D:4      | Noticed Robin
  2830 | D:4      | Killed Robin
  2898 | D:4      | Found Raocvian's Gadget Shop.
  2898 | D:4      | Found Byagg's Antique Armour Shoppe.
  2910 | D:4      | Bought an embroidered scarf for 152 gold pieces
  3026 | D:4      | Found a white marble altar of Elyvilon.
  3050 | D:4      | Reached skill level 2 in Transmutations
  3050 | D:4      | Reached skill level 1 in Poison Magic
  3149 | D:4      | Noticed a fire elemental
  3151 | D:4      | Found a stormy altar of Qazlal.
  3152 | D:4      | Noticed an air elemental
  3152 | D:4      | Noticed a water elemental
  3221 | D:5      | Entered Level 5 of the Dungeon
  3276 | D:3      | Became a worshipper of Makhleb the Destroyer
  3371 | D:5      | Noticed Grinder
  3372 | D:5      | Paralysed by Grinder for 6 turns
  3379 | D:5      | Noticed a wraith
  3390 | D:4      | Killed Grinder
  3390 | D:4      | Reached skill level 2 in Poison Magic
  3410 | D:4      | Killed a wraith
  3410 | D:4      | Reached skill level 3 in Transmutations
  3410 | D:4      | Reached XP level 8. HP: 26/68 MP: 5/9
  3724 | D:5      | Reached skill level 2 in Spellcasting
  3950 | D:6      | Reached * piety under Makhleb
  3950 | D:6      | Reached skill level 3 in Poison Magic
  4001 | D:6      | Learned a level 4 spell: Ice Form
  4503 | D:6      | Reached skill level 4 in Transmutations
  4832 | D:6      | Found a staircase to the Ecumenical Temple.
  4976 | D:7      | Found the +3 giant club "Skullcrusher" {speed, Str+7}
  5070 | D:7      | Reached ** piety under Makhleb
  5070 | D:7      | Reached skill level 1 in Ice Magic
  5070 | D:7      | Reached skill level 4 in Poison Magic
  5070 | D:7      | Reached XP level 9. HP: 37/75 MP: 8/12
  5087 | D:7      | Reached skill level 3 in Spellcasting
  5264 | D:7      | Found an opulent altar of Gozag.
  5281 | D:7      | Got a pitted hand axe
  5289 | D:7      | Identified the +8 hand axe of Integrity {freeze, MP+9} (You found it on level 7 of the Dungeon)
  5338 | D:7      | Reached skill level 2 in Ice Magic
  5482 | D:7      | Found a glowing silver altar of Zin.
  5517 | D:7      | Found a shattered altar of Ashenzari.
  5981 | D:4      | Bought a runed robe for 70 gold pieces
  5981 | D:4      | Bought a glowing robe for 70 gold pieces
  6379 | D:8      | Noticed a two-headed ogre
  6391 | D:7      | HP: 10/75 [orc/flail of protection (13)]
  6392 | D:7      | HP: 2/75 [killer bee (8)]
  6477 | D:7      | Found a glowing silver altar of Zin.
  6492 | D:7      | Reached skill level 5 in Transmutations
  6827 | D:8      | HP: 14/75 [two-headed ogre/great mace (24)]
  6827 | D:8      | Slain by a two-headed ogre

Skill      XL: |  1  2  3  4  5  6  7  8  9 |
---------------+----------------------------+-----
Unarmed Combat | 4 6 8 |  8.1
Transmutations | 3 4 5 |  5.1
Poison Magic   | 2 4 |  4.0
Spellcasting   | 2 3 |  3.7
Ice Magic      | 1 2 |  2.7
Fighting       | |  0.7
Dodging        | |  1.5

Action                   |  1- 3 |  4- 6 |  7- 9 || total
-------------------------+-------+-------+-------++-------
Melee: Unarmed           |   100 |   121 |   405 ||   626
       Punch             |     1 |     1 |     7 ||     9
       Headbutt          |       |       |    20 ||    20
       Kick              |       |       |    11 ||    11
 Cast: Beastly Appendage |       |     2 |    27 ||    29
       Spider Form       |       |       |     9 ||     9
       Sticks to Snakes  |       |       |     2 ||     2
  Use: Scroll            |       |       |    13 ||    13
       Potion            |       |       |     2 ||     2
  Eat: Chunk             |    15 |    15 |    34 ||    64
Armor: Robe              |    40 |    40 |    56 ||   136
       Skin              |       |       |     5 ||     5
Dodge: Dodged            |    52 |    60 |   206 ||   318

Vault maps used:
D:1:      tarquinn_simple_flora_water_a, minmay_misc_feat_chi
D:2:      chequers_temple_overflow_statue_of_worship, corner_web_ring,
          kennysheep_nub, st_stairs_1, uniq_crazy_yiuf_cottage, uniq_natasha
D:3:      makhleb_heckhound_becter, lemuel_doored_altar
D:4:      elyvilon_altar_5, nicolae_qazlal_style_of_elements, first_ration,
          serial_shops, shop, shop, uniq_robin
D:5:      uniq_grinder
D:6:      lemuel_temple_firewalk_b
D:7:      cheibrodos_barr_body, lemuel_crystal_altar,
          nicolae_gozag_cash_rules_everything_around_me, kennysheep_mini_moat
D:8:      kennysheep_little_box, lightli_temple_of_fire, david_lair_shrubbed

Table legend:
 A = Turns spent in this place as a percentage of turns spent in the entire game.
 B = Non-inter-level travel turns spent in this place as a percentage of non-inter-level travel turns spent in the entire game.
 C = Inter-level travel turns spent in this place as a percentage of turns spent in this place.
 D = Turns resting spent in this place as a percentage of non-inter-level travel turns spent in this place.
 E = Turns spent auto-exploring this place as a percentage of non-inter-level travel turns spent in this place.
 F = Non-inter-level travel turns spent in this place divided by the number of levels of this place that you've seen.
                   A       B       C       D       E      F
               +-------+-------+-------+-------+-------+----------------------
         Total | 100.0 | 100.0 |  12.3 |   0.1 |  77.2 | 748.1
       Dungeon | 100.0 | 100.0 |  12.3 |   0.1 |  77.2 | 748.1
               +-------+-------+-------+-------+-------+----------------------

Table legend:
 A = Kills in this place as a percentage of kills in entire the game.
 B = Kills by you in this place as a percentage of kills by you in the entire game.
 C = Kills by friends in this place as a percentage of kills by friends in the entire game.
 D = Other kills in this place as a percentage of other kills in the entire game.
 E = Experience gained in this place as a percentage of experience gained in the entire game.
 F = Experience gained in this place divided by the number of levels of this place that you have seen.
                   A       B       C       D       E      F
               +-------+-------+-------+-------+-------+----------------------
         Total | 100.0 | 100.0 |   N/A |   N/A | 100.0 | 523.1
       Dungeon | 100.0 | 100.0 |   N/A |   N/A | 100.0 | 523.1
               +-------+-------+-------+-------+-------+----------------------
